 Dungeon Crawl Stone Soup version 0.28.0-53-g5a82cb258f (webtiles) character file.

Game seed: 14258175140069897802

290 purpskrrrp the Sneak (level 5, -3/45 HPs)
             Began as a Demigod Delver on June 21, 2022.
             Slain by Ijyb
             ... wielding a +0 club
              (8 damage)
             ... on level 3 of the Dungeon.
             The game lasted 00:07:58 (2335 turns).

purpskrrrp the Sneak (Demigod Delver)               Turns: 2335, Time: 00:07:59

Health: -3/45      AC:  3    Str: 13    XL:     5   Next: 83%
Magic:  7/7        EV: 12    Int: 12    God:
Gold:   167        SH:  0    Dex: 19    Spells: 4/4 levels left

rFire   . . .      SeeInvis .   j - +0 long sword
rCold   . . .      Faith    .   m - orb {*Rage}
rNeg    . . .      Spirit   .   b - +0 leather armour
rPois   .          Reflect  .   (no helmet)
rElec   .          Harm     .   (no cloak)
rCorr   .          Rampage  .   (no gloves)
Will    .....      Rage     20% (no boots)
Stlth   +++.......              (no amulet)
HPRegen 0.15/turn               (no ring)
MPRegen 0.10/turn               (no ring)

@: on berserk cooldown, hasted and slowed
A: high MP 1, forlorn, divine attributes
a: no special abilities


You were on level 3 of the Dungeon.
You visited 1 branch of the dungeon, and saw 3 of its levels.

You collected 167 gold pieces.

Inventory:

Hand Weapons
 a - a +0 mace
 e - a +0 trident
 j - a +0 long sword (weapon)
Missiles
 n - 2 poisoned darts (quivered)
Armour
 b - a +0 leather armour (worn)
 m - an orb of wrath (worn)
Wands
 g - a wand of digging (3)
Scrolls
 c - a scroll of fog
 d - a scroll of magic mapping
 h - a scroll of summoning {unknown}
 i - a scroll of teleportation {unknown}
 k - a scroll of noise {unknown}
Potions
 f - a potion of haste


   Skills:
 + Level 3.4 Fighting
 + Level 2.2 Long Blades
 + Level 2.1 Maces & Flails
 + Level 0.2 Polearms
 + Level 0.2 Throwing
 + Level 2.0 Armour
 + Level 2.7 Dodging
 + Level 5.4 Stealth


You had 4 spell levels left.
You didn't know any spells.
Your spell library was empty.

Dungeon Overview and Level Annotations

Branches:
Dungeon (5/15)
 Temple: D:4-7

Annotations:
D:3 Ijyb, Robin


Innate Abilities, Weirdness & Mutations

You have an increased reservoir of magic. (+10% MP)
You shall have no god before yourself.
Your divine heritage dramatically boosts your attributes as you level up.


Message History

Ijyb zaps a wand.
The puff of flame misses you.
The puff of flame hits the quokka!
The quokka dies!
The goblin hits you but does no damage.
A goblin comes into view. It is wielding a +0 club.
The goblin hits you with a +0 club.
* * * LOW HITPOINT WARNING * * *
Robin hits you with a +0 short sword.
* * * LOW HITPOINT WARNING * * *
The hobgoblin hits you.
* * * LOW HITPOINT WARNING * * *
The goblin hits you with a +0 club.
* * * LOW HITPOINT WARNING * * *
Items here: )))))) †††.
It was a potion of heal wounds.
You feel much better.
The hobgoblin no longer looks unusually strong.
The hobgoblin barely misses you. The goblin closely misses you.
Ijyb hits you with a +0 club. The hobgoblin hits you.
Robin hits you with a +0 short sword.
You feel much better.
The goblin no longer looks unusually strong.
The goblin hits you with a +0 club. Ijyb hits you with a +0 club.
The hobgoblin hits you. Robin misses you. The goblin misses you.
As you read the scroll of fog, it crumbles to dust.
The scroll dissolves into smoke.
Ijyb hits you with a +0 club. The hobgoblin barely misses you.
The goblin hits you but does no damage. Ijyb hits you with a +0 club.
The hobgoblin misses you.
You feel yourself speed up. The goblin hits you but does no damage.
Ijyb completely misses you. Robin barely misses you.
The hobgoblin completely misses you. The goblin barely misses you.
You slash Ijyb!
Ijyb is moderately wounded.
Ijyb zaps a wand.
The puff of flame hits you!
* * * LOW HITPOINT WARNING * * *
Robin barely misses you. The hobgoblin hits you.
* * * LOW HITPOINT WARNING * * *
The goblin hits you with a +0 club.
* * * LOW HITPOINT WARNING * * *
Ijyb hits you with a +0 club!
You die...

#..) #. #..# . #
#.##..# ###.#
##.##.#...## ...=
........... ... .#
#.##.....#####.##..#
#.........§§g§§.....
###......§ggg§...<#
##...####@####.##
##.#####g# #.....§g#
#.####### #.########
#.>.......
##########


You could see Ijyb (strong), Robin, a hobgoblin and 3 goblins.

Vanquished Creatures
  A kobold brigand (D:4)
  A howler monkey (D:4)
  A bullfrog zombie (D:4)
  2 orc priests (D:4)
  A bullfrog skeleton (D:5)
  An orc wizard (D:4)
  A gnoll (D:5)
  An adder (D:5)
  An orc (D:4)
  An endoplasm (D:4)
  A giant cockroach (D:4)
  6 goblins (D:3)
  2 hobgoblins (D:3)
  2 jackals (D:4)
  4 kobolds (D:4)
26 creatures vanquished.

Vanquished Creatures (others)
  A quokka (D:3)
1 creature vanquished.

Grand Total: 27 creatures vanquished

Notes
Turn   | Place    | Note
-------+----------+-------------------------------------------
     0 | D:5      | purpskrrrp the Demigod Delver began the quest for the Orb.
     0 | D:5      | Reached XP level 1. HP: 18/18 MP: 3/3
    93 | D:5      | Reached skill level 5 in Stealth
    93 | D:5      | Reached XP level 2. HP: 17/25 MP: 4/4
   199 | D:5      | Reached XP level 3. HP: 22/30 MP: 5/5
   754 | D:4      | Noticed a kobold brigand
   804 | D:4      | Reached XP level 4. HP: 9/38 MP: 6/6
  1607 | D:4      | Reached skill level 1 in Armour
  1612 | D:4      | Killed a kobold brigand
  1613 | D:4      | Reached skill level 1 in Long Blades
  1613 | D:4      | Reached XP level 5. HP: 42/45 MP: 7/7
  2316 | D:3      | Noticed Robin
  2324 | D:3      | Noticed Ijyb
  2335 | D:3      | Slain by Ijyb

Illustrated notes

Levels and vault maps discovered:
D:3:      layout_loops_ring, minmay_cut_off, uniq_ijyb, uniq_robin,
          uniq_jessica, uniq_terence
D:4:      layout_cave_pods, kennysheep_little_box, kennysheep_orc_chapel
D:5:      layout_cave_pods, grunt_dithmenos_smoke, cheibrodos_ashenzari_chains,
          minmay_temple_entry_glassed_door, item_on_display_b

Skill      XL: |  1  2  3  4  5 |
---------------+----------------+-----
Stealth        | 5 |  5.4
Dodging        | 2 |  2.7
Fighting       | 3 |  3.4
Maces & Flails | 2 |  2.1
Armour         | 1 2 |  2.0
Long Blades    | 1 2 |  2.2
Polearms       | |  0.2
Throwing       | |  0.2

Action                   |  1- 3 |  4- 6 || total
-------------------------+-------+-------++-------
Melee: Mace              |    22 |       ||    22
       Long sword        |    18 |    67 ||    85
       Trident           |     3 |       ||     3
Throw: Dart              |       |     2 ||     2
  Use: Scroll            |     1 |     1 ||     2
       Potion            |       |     3 ||     3
 Stab: Sleeping          |     3 |     1 ||     4
Armor: Leather armour    |    10 |    31 ||    41
Dodge: Dodged            |    38 |    90 ||   128
